 Dungeon Crawl Stone Soup version 0.17.1-1-g73c8601 (webtiles) character file.

429 shmeve the Skirmisher (level 6, -2/57 HPs)
             Began as a Minotaur Fighter on Apr 28, 2016.
             Slain by a gnoll
             ... wielding a cursed +0 spear
              (10 damage)
             ... on level 4 of the Dungeon.
             The game lasted 00:05:04 (1932 turns).

shmeve the Skirmisher (Minotaur Fighter)            Turns: 1932, Time: 00:05:04

Health: -2/57      AC:  7    Str: 22    XL:     6   Next: 66%
Magic:  5/5        EV: 11    Int:  5    God:
Gold:   236        SH: 10    Dex: 14    Spells: 0 memorised, 5 levels left

rFire  . . .     SeeInvis .     a - +0 war axe
rCold  . . .     Clarity  +     b - +0 scale mail
rNeg   . . .     SustAt   .     c - +0 shield
rPois  .         Gourm    .     (helmet restricted)
rElec  .         Spirit   .     (no cloak)
rCorr  .         Warding  .     (no gloves)
rMut   .         Stasis   .     (no boots)
MR     .....                    q - amulet of clarity
Stlth  ..........               w - +4 ring of dexterity
                                t - +2 ring of evasion

@: glowing, not resistant to hostile enchantments, extremely unstealthy
A: retaliatory headbutt, horns 2
a: no special abilities


You were on level 4 of the Dungeon.
You were not hungry.

You visited 1 branch of the dungeon, and saw 4 of its levels.

You collected 236 gold pieces.

Inventory:

Hand Weapons
 a - a +0 war axe (weapon)
Armour
 b - a +0 scale mail (worn)
 c - a +0 shield (worn)
Jewellery
 q - an amulet of clarity (around neck)
 t - a +2 ring of evasion (left hand)
 w - a +4 ring of dexterity (right hand)
 x - an uncursed ring of sustain attributes
Scrolls
 g - a scroll of enchant weapon {unknown}
 j - 2 scrolls of remove curse {unknown}
 k - 2 scrolls of recharging {unknown}
 m - 5 scrolls of identify {unknown}
 o - a scroll of blinking {unknown}
 r - a scroll of enchant armour {unknown}
 s - a scroll of fear {unknown}
 u - a scroll of random uselessness {unknown}
Potions
 d - 2 potions of might
 h - 2 potions of agility {unknown}
 p - 5 potions of curing {unknown}
 z - 2 potions of lignification {unknown}
 A - a potion of haste {unknown}
Comestibles
 e - 4 bread rations
 f - 2 meat rations
 i - 2 beef jerkies
 l - a royal jelly
 n - 5 fruits
 v - a chunk of flesh


   Skills:
 * Level 5.7 Fighting
 * Level 4.4 Axes
 + Level 2.0 Throwing
 + Level 4.2 Armour
 + Level 2.1 Dodging
 * Level 5.2 Shields


You had 5 spell levels left.
You didn't know any spells.

Dungeon Overview and Level Annotations

Branches:
Dungeon (4/15)
 Temple: D:4-7

Altars:
Cheibriados
Nemelex Xobeh
Qazlal
Ru
Sif Muna
Vehumet
Yredelemnul
Beogh


Innate Abilities, Weirdness & Mutations

You reflexively headbutt those who attack you in melee.
You have a pair of horns on your head.


Message History

The gnoll shaman calls upon its god to heal the gnoll.
The gnoll is healed somewhat.
You hit the gnoll shaman.
The gnoll shaman is almost dead.
You slash the gnoll!
You kill the gnoll!
You block the gnoll's attack. The gnoll shaman misses you.
You block the gnoll's attack. The gnoll closely misses you.
Your shield and scale mail prevent you from hitting the gnoll shaman.
The gnoll shaman is almost dead.
The gnoll hits you from afar with a halberd!
You block the gnoll shaman's attack. You block the gnoll's attack.
The gnoll hits you from afar with a halberd!
* * * LOW HITPOINT WARNING * * *
You hit the gnoll shaman.
You kill the gnoll shaman!
Your Throwing skill increases to level 2!
You block the gnoll's attack. x3
The gnoll hits you from afar with a spear!
You die...

...#.#†# # .._...#(#
##.#.#.# .. _..._.#.#
#....#.##.## .........
# #........
..8.._..#.##. #......##
.............###....###
_....gg.#.# #...#...#
.._.gg)†).# ###.#...#
#@# #.##.#####
#.#######.........
#............#####
###########..# (.# ....
#####


You could see 4 gnolls.

Vanquished Creatures
  Eustachio (D:4)
  A hound (D:4)
  2 orc wizards (D:3)
  A gnoll shaman (D:4)
  Robin (D:4)
  3 adders
  6 gnolls (D:4)
  2 worms
  6 giant geckos
  3 orcs (D:3)
  6 hobgoblins
  5 jackals
  A ball python (D:2)
  7 bats
  3 giant cockroaches
  5 giant newts
  13 goblins
  6 kobolds
  6 rats
78 creatures vanquished.

Notes
Turn   | Place    | Note
--------------------------------------------------------------
     0 | D:1      | shmeve the Minotaur Fighter began the quest for the Orb.
     0 | D:1      | Reached XP level 1. HP: 19/19 MP: 0/0
   258 | D:1      | Reached XP level 2. HP: 27/27 MP: 1/1
   395 | D:1      | Found a roughly hewn altar of Beogh.
   395 | D:1      | Noticed an orc wizard
   395 | D:1      | Noticed an orc warrior
   559 | D:2      | Reached skill level 4 in Fighting
   632 | D:2      | Reached XP level 3. HP: 25/33 MP: 2/2
  1016 | D:3      | Reached skill level 1 in Dodging
  1210 | D:3      | Reached skill level 1 in Throwing
  1210 | D:3      | Reached XP level 4. HP: 32/41 MP: 3/3
  1384 | D:3      | Found a sacrificial altar of Ru.
  1668 | D:3      | Reached skill level 5 in Fighting
  1668 | D:3      | Reached XP level 5. HP: 45/48 MP: 4/4
  1682 | D:4      | Noticed Eustachio
  1689 | D:4      | Killed Eustachio
  1689 | D:4      | Reached XP level 6. HP: 53/56 MP: 5/5
  1839 | D:4      | Noticed Robin
  1848 | D:4      | Killed Robin
  1848 | D:4      | Reached skill level 5 in Shields
  1921 | D:4      | Found a deep blue altar of Sif Muna.
  1922 | D:4      | Found a basalt altar of Yredelemnul.
  1923 | D:4      | Found a snail-covered altar of Cheibriados.
  1923 | D:4      | Found a sparkling altar of Nemelex Xobeh.
  1923 | D:4      | Found a stormy altar of Qazlal.
  1923 | D:4      | Found a radiant altar of Vehumet.
  1932 | D:4      | Slain by a gnoll

Action                   |  1- 3 |  4- 6 || total
-------------------------+-------+-------++-------
Melee: War axe           |    95 |    81 ||   176
 Stab: Paralysed         |       |     2 ||     2
  Eat: Chunk             |     1 |     3 ||     4
